 Dungeon Crawl Stone Soup version 0.29.0-4-gdea44cf6ec (webtiles) character file.

Game seed: 713672232194965585

44 night the Conjurer (level 3, -2/16 (21) HPs)
             Began as a Gargoyle Conjurer on Aug 26, 2022.
             Slain by a howler monkey zombie (4 damage)
             ... animated by the anger of Yredelemnul
             ... on level 2 of the Dungeon.
             The game lasted 00:04:13 (2568 turns).

night the Conjurer (Gargoyle Conjurer)              Turns: 2568, Time: 00:04:13

HP:   -2/16 (21)    AC:  6    Str: 10    XL:     3   Next: 62%
MP:   2/6           EV: 11    Int: 20    God:
Gold: 63            SH:  0    Dex:  8    Spells: 4/7 levels left

rFire   . . .      SeeInvis .   n - +0 flail
rCold   . . .      Faith    .   (no shield)
rNeg    + . .      Spirit   .   a - +1 robe
rPois   ∞          Reflect  .   (no helmet)
rElec   +          Harm     .   (no cloak)
rCorr   .          Rampage  .   (no gloves)
Will    .....                   (no boots)
Stlth   ++........              (no amulet)
HPRegen 0.05/turn               (no ring)
MPRegen 0.10/turn               (no ring)

@: slowed, heavily drained, very slow
A: sickness immunity, AC +3, negative energy resistance 1, electricity
resistance, torment resistance 1, petrification resistance
a: no special abilities


You were on level 2 of the Dungeon.
You visited 1 branch of the dungeon, and saw 3 of its levels.

You collected 63 gold pieces.

Inventory:

Hand Weapons
 e - a +0 dagger
 k - a +0 sling
 n - a +0 flail (weapon)
Missiles
 h - 5 stones
 i - 9 poisoned darts
Armour
 a - a +1 robe (worn)
Scrolls
 o - a scroll of identify {unknown}
Potions
 b - 2 potions of magic
 c - a potion of invisibility {unknown}
 d - 2 potions of flight {unknown}
 f - 2 potions of brilliance {unknown}
 g - 2 potions of heal wounds {unknown}
 j - a potion of curing {unknown}
 l - a potion of lignification {unknown}
 m - a potion of ambrosia {unknown}


   Skills:
 + Level 1.8 Fighting
 - Level 1.5 Dodging
 - Level 2.1 Stealth
 + Level 2.6 Spellcasting
 + Level 4.9 Conjurations


You had 4 spell levels left.
You knew the following spells:

 Your Spells              Type           Power      Damage    Failure   Level
a - Magic Dart            Conj           88%        1d7       1%          1
b - Searing Ray           Conj           44%        2d6       3%          2

Your spell library contained the following spells:

 Spells                   Type           Power      Damage    Failure   Level
 Dazzling Flash           Conj/Hex       24%        N/A       16%         3
 Fulminant Prism          Conj/Hex       6%         3d7       47%         4
 Iskenderun's Mystic Bla  Conj/Tloc      12%        2d5       47%         4


Dungeon Overview and Level Annotations

Branches:
Dungeon (3/15)

Altars:
Yredelemnul

Annotations:
D:3 Robin


Innate Abilities, Weirdness & Mutations

You are immune to sickness and miasma.
Your stone body is resilient. (AC +3)
You are immune to poison.
You resist negative energy. (rN+)
You are resistant to electric shocks. (rElec)
You are resistant to unholy torment.
You are immune to petrification.


Message History

Confirm with . or Enter, or press ? or * to list all spells.
Aiming: Magic Dart (safe; 1% risk of failure)
Press: ? - help, Shift-Dir - straight line, f - hobgoblin
Aim: a hobgoblin (strong, 100% to hit)
The magic dart hits the hobgoblin.
You kill the hobgoblin!
The goblin barely misses you.
Casting: Magic Dart (safe; 1% risk of failure)
Confirm with . or Enter, or press ? or * to list all spells.
Aiming: Magic Dart (safe; 1% risk of failure)
Press: ? - help, Shift-Dir - straight line, f - goblin
Aim: a goblin, wielding a +0 club (strong, 100% to hit)
The magic dart hits the goblin!
You kill the goblin!
There is a stone staircase leading down here.
Things that are here:
a +0 club; a goblin corpse You start resting.
Yredelemnul sends a servant to punish you.
The divine experience drains your vigour!
You feel yourself slow down.
A howler monkey zombie comes into view.
There is an open door here.
Casting: Magic Dart (safe; 1% risk of failure)
Confirm with . or Enter, or press ? or * to list all spells.
Aiming: Searing Ray (safe; 3% risk of failure)
Press: ? - help, Shift-Dir - straight line, f - howler monkey zombie
Aim: a howler monkey zombie (durably summoned, 89% to hit)
The searing ray hits the howler monkey zombie.
The howler monkey zombie is lightly damaged. (Press . to maintain the ray.)
The howler monkey zombie hits you but does no damage.
The searing ray hits the howler monkey zombie!
The howler monkey zombie is heavily damaged.
The howler monkey zombie barely misses you.
The howler monkey zombie hits you.
* * * LOW HITPOINT WARNING * * *
The searing ray misses the howler monkey zombie.
The howler monkey zombie hits you.
You die...

###.##.......#.###.######.##
###.###........##.#........#
.......####.######.######.##
.##.##.# ##'## ### #.#
.##.##.###...## #.#
.##.##.##.....## ### #.#
....##.#.......## ##.###.#
...###..........####...##.#######
...............Z@................
.............>..####...##.#######
#.######.......## ##.###.# ###
##.....## #####.####### ##...##
#............ ##+## #.#.#.###.###
#.# #..#..# #.### #.# #.#)..#
#.##. #####.##### #....####[##.


You could see a howler monkey zombie.

Vanquished Creatures
  2 adders (D:2)
  2 dart slugs
  5 ball pythons
  A giant cockroach (D:2)
  2 goblins
  4 hobgoblins
  A quokka (D:2)
  2 bats
  A frilled lizard (D:1)
  A kobold (D:1)
  3 rats (D:1)
24 creatures vanquished.

Notes
Turn   | Place    | Note
-------+----------+-------------------------------------------
     0 | D:1      | night the Gargoyle Conjurer began the quest for the Orb.
     0 | D:1      | Reached XP level 1. HP: 10/10 MP: 3/3
   337 | D:1      | Reached XP level 2. HP: 13/16 MP: 1/5
   528 | D:1      | Reached skill level 1 in Fighting
   860 | D:1      | Found a faded altar of an unknown god.
   864 | D:1      | Prayed at the altar of an unknown god.
   864 | D:1      | Became a worshipper of Yredelemnul the Dark
   864 | D:1      | Reached * piety under Yredelemnul
   868 | D:1      | Fell from the grace of Yredelemnul
  1034 | D:2      | Learned a level 2 spell: Searing Ray
  1641 | D:2      | Reached XP level 3. HP: 20/20 MP: 0/6
  2537 | D:3      | Noticed Robin
  2547 | D:2      | HP: 2/16 [hobgoblin[Robin] (1)]
  2567 | D:2      | HP: 2/16 [howler monkey zombie[the anger of Yredelemnul]
                  | (1)]
  2568 | D:2      | Slain by a howler monkey zombie

Illustrated notes

Levels and vault maps discovered:
D:1:      heliophobic_arrival_dark_side_of_the_moon, layout_basic,
          hellmonk_ecumenical_altar_inner_sanctum
D:2:      layout_loops_corners
D:3:      layout_loops_ring, cheibrodos_gnoll_hut, uniq_robin

Skill      XL: |  1  2 |
---------------+-------+-----
Fighting       | 1 |  1.8
Dodging        | |  1.5
Stealth        | |  2.1
Spellcasting   | |  2.6
Conjurations   | |  4.9

Action                   || total
-------------------------++-------
Melee: Unarmed           ||     2
       Flail             ||     3
 Cast: Magic Dart        ||    49
       Searing Ray       ||     1
Invok: Renounce Religion ||     1
  Use: Scroll            ||     2
Armor: Robe              ||     4
Dodge: Dodged            ||     8
